Map: Abandoned Camp

Players

JaySlays

  • Race: Protoss Protoss
  • Spawn Location: 3:00

Wolf

  • Race: Zerg Zerg
  • League: Diamond
  • Spawn Location: 3:00

Rodneyperu

  • Race: Protoss Protoss
  • Spawn Location: 5:00

VoidSham

  • Race: Protoss Protoss
  • League: Diamond
  • Spawn Location: 7:00

NeonWolfIO

  • Race: Zerg Zerg
  • League: Gold
  • Spawn Location: 9:00

NogarDos

  • Race: Terran Terran
  • League: Diamond
  • Spawn Location: 11:00

VOD

Have the link to the VOD?

Description

Time

  • Played on: April 20, 2018, 1:10 a.m.
  • Length: 9:28
Show
View Real Time Build Order
Export as new Build Order

JaySlays Protoss 

Build Orders:  

Get SALT Encoding   

  1  0:00  Probe  
  13  0:08  Probe  
  14  0:19  Pylon  
  14  0:27  Probe  
  15  0:35  Assimilator  
  15  0:41  Probe  
  16  0:47  Gateway  
  16  0:58  Probe  
  17  1:10  Probe  
  18  1:16  Assimilator  
  18  1:22  Probe  
  18  1:23  Pylon  
  19  1:33  Probe  
  20  1:40  Cybernetics Core  
  20  1:41  Probe  
  21  1:56  Probe  
  21  2:00  Gateway  
  22  2:08  Warp Gate  
  22  2:09  Probe  
  23  2:27  Nexus  
  23  2:30  Stalker  
  25  2:47  Forge  
  25  2:49  Stalker  
  27  2:57  Adept  
  27  2:58  Pylon  
  29  3:13  Probe  
  30  3:32  Adept x2  
  34  3:37  Probe  
  35  3:49  Probe  
  35  3:53  Probe  
  36  3:58  Gateway x2  
  36  4:01  Probe x2  
  39  4:10  Probe  
  39  4:13  Probe  
  39  4:14  Adept  
  43  4:21  Twilight Council  
  43  4:36  Photon Cannon  
  43  4:40  Adept x2  
  43  4:45  Charge  
  43  5:19  Pylon  
  43  5:20  Stalker x4, Protoss Ground Weapons Level 1  
  43  5:21  Probe  
  49  5:25  Probe  
  47  5:29  Probe  
  48  5:37  Probe, Pylon, Photon Cannon  
  49  5:46  Stalker x2  
  49  5:47  Stalker x2  
  57  5:57  Gateway  
  57  5:59  Gateway  
  57  6:18  Blink  
  57  6:20  Stalker x4  
  65  6:33  Pylon  
  65  6:34  Robotics Facility  
  65  6:45  Stalker x2  
  65  7:11  Stalker x3  
  65  7:12  Stalker x3  
  47  7:36  Assimilator  
  48  7:37  Probe x2  
  48  7:41  Assimilator  
  48  7:42  Stalker x2  
  53  7:49  Probe x2  
  55  7:52  Zealot x3  
  55  7:53  Zealot, Warp Prism  
  63  8:01  Probe  
  66  8:15  Photon Cannon  
  66  8:18  Photon Cannon  
  66  8:19  Zealot x2  
  60  8:28  Zealot x3  
  50  8:40  Stalker, Shield Battery  
  50  8:41  Stalker  
  42  9:18  Zealot x2  
Show
View Real Time Build Order
Export as new Build Order

Wolf Zerg 

Build Orders: Pool First 

Get SALT Encoding   

  12  0:02  Drone  
  13  0:09  Drone  
  14  0:23  Overlord  
  14  0:42  Drone x3  
  17  0:54  Drone  
  18  0:58  Spawning Pool  
  18  0:59  Extractor  
  18  1:04  Drone  
  17  1:24  Hatchery  
  16  1:37  Drone x3  
  19  1:51  Overlord  
  19  1:56  Queen  
  19  1:59  Zergling x2  
  22  2:14  Zergling x2  
  23  2:21  Metabolic Boost  
  23  2:35  Queen  
  23  2:36  Overlord  
  25  2:37  Drone  
  26  2:44  Spine Crawler  
  26  2:46  Zergling x4  
  26  3:08  Drone  
  26  3:09  Drone x3  
  30  3:18  Queen  
  32  3:20  Drone x4  
  32  3:26  Zergling x2  
  37  4:00  Drone  
  37  4:01  Drone x6  
  44  4:12  Extractor, Lair  
  43  4:19  Evolution Chamber  
  43  4:20  Roach Warren  
  43  4:22  Evolution Chamber  
  40  4:24  Baneling Nest  
  39  4:44  Hatchery  
  34  4:53  Drone x10  
  34  4:56  Extractor  
  34  4:57  Extractor  
  42  5:03  Overlord x3  
  42  5:07  Zerg Missile Weapons Level 1  
  42  5:14  Hydralisk Den  
  42  5:18  Zerg Ground Armor Level 1  
  41  5:24  Drone  
  41  5:25  Drone x3  
  45  5:38  Queen  
  47  5:43  Muscular Augments  
  47  5:44  Hydralisk  
  47  5:46  Hydralisk  
  51  5:52  Spore Crawler  
  51  5:54  Spore Crawler  
  46  5:57  Spore Crawler  
  40  6:06  Spore Crawler  
  40  6:08  Spore Crawler  
  38  6:20  Drone  
  38  6:21  Drone  
  38  6:23  Drone  
  41  6:30  Drone  
  42  6:41  Drone x2  
  44  6:58  Drone  
  44  6:59  Drone x4  
  49  7:07  Overlord  
  49  7:12  Overlord  
  49  7:15  Spore Crawler  
  48  7:18  Grooved Spines  
  48  7:24  Overlord  
  48  7:48  Hydralisk  
  48  7:49  Hydralisk x2  
  54  7:59  Drone x2  
  54  8:00  Drone x5  
  61  8:15  Hydralisk x3  
  61  8:52  Overlord  
  61  8:53  Overlord x10  
Show
View Real Time Build Order
Export as new Build Order

Rodneyperu Protoss 

Build Orders:  

Get SALT Encoding   

  1  0:00  Probe  
  13  0:20  Pylon  
  13  0:23  Probe  
  14  0:35  Probe  
  15  0:41  Forge  
  15  0:48  Probe  
  16  1:29  Gateway  
  16  1:31  Photon Cannon  
  16  1:38  Photon Cannon  
  16  2:07  Pylon  
  16  2:18  Zealot  
  18  2:23  Pylon  
  17  2:33  Pylon  
  16  3:17  Photon Cannon  
  16  3:18  Photon Cannon  
  16  3:24  Zealot  
  16  3:30  Photon Cannon  
  14  4:09  Cybernetics Core  
  14  4:10  Probe  
  15  4:18  Pylon  
  15  4:26  Probe  
  16  4:38  Probe  
  17  4:46  Photon Cannon  
  17  4:51  Assimilator  
  17  4:54  Pylon  
  17  5:06  Pylon  
  15  5:24  Probe  
  16  5:32  Photon Cannon  
  16  5:35  Photon Cannon  
  16  5:37  Probe  
  16  5:42  Pylon  
  17  5:49  Probe  
  18  6:03  Photon Cannon  
  18  6:22  Stalker  
  18  6:24  Probe  
  21  6:37  Probe  
  22  7:00  Stalker  
  24  7:06  Nexus  
  24  7:08  Pylon  
  24  7:36  Pylon  
  24  7:39  Probe  
  24  7:42  Stalker  
  27  7:51  Probe, Photon Cannon  
  28  7:53  Photon Cannon  
  28  8:03  Probe  
  28  8:07  Pylon  
  28  8:15  Probe, Photon Cannon  
  29  8:23  Photon Cannon  
  29  8:36  Photon Cannon  
  29  8:49  Pylon  
  22  9:08  Probe  
  23  9:18  Photon Cannon  
Show
View Real Time Build Order
Export as new Build Order

VoidSham Protoss 

Build Orders: Phoenix Opening 

Get SALT Encoding   

  12  0:01  Probe  
  13  0:13  Probe  
  14  0:19  Pylon  
  14  0:25  Probe  
  15  0:36  Probe  
  15  0:37  Gateway  
  16  0:45  Probe, Assimilator  
  17  0:55  Probe  
  18  1:07  Probe  
  19  1:16  Assimilator  
  19  1:21  Probe  
  19  1:23  Assimilator  
  20  1:31  Cybernetics Core  
  20  1:34  Pylon  
  20  1:57  Nexus  
  20  2:02  Assimilator  
  20  2:03  Adept  
  20  2:05  Probe  
  23  2:20  Probe  
  24  2:29  Warp Gate  
  24  2:32  Probe  
  25  2:40  Stargate  
  25  2:44  Probe  
  25  2:47  Zealot  
  28  2:56  Probe  
  29  2:59  Assimilator  
  29  3:07  Probe, Shield Battery  
  29  3:11  Gateway  
  30  3:15  Probe  
  30  3:17  Probe  
  32  3:22  Phoenix, Sentry  
  34  3:32  Probe  
  37  3:36  Probe  
  38  3:44  Probe  
  39  3:48  Probe  
  39  3:51  Phoenix  
  42  4:00  Probe x2, Stargate  
  44  4:08  Pylon  
  44  4:12  Probe  
  45  4:19  Phoenix  
  47  4:32  Probe  
  47  4:35  Pylon  
  47  4:36  Phoenix  
  50  4:46  Phoenix  
  52  4:53  Probe x2  
  52  4:57  Assimilator  
  52  4:59  Pylon, Phoenix  
  54  5:05  Probe x2  
  58  5:11  Phoenix  
  60  5:17  Pylon, Probe  
  61  5:26  Phoenix  
  63  5:32  Probe x2  
  65  5:36  Phoenix  
  65  5:39  Gateway  
  65  5:40  Gateway  
  67  5:46  Probe x2  
  69  5:51  Phoenix  
  71  5:59  Phoenix  
  73  6:09  Phoenix  
  73  6:16  Phoenix  
  73  6:22  Probe x2  
  77  6:33  Fleet Beacon  
  77  6:43  Nexus  
  77  6:45  Pylon  
  77  6:47  Pylon  
  77  7:03  Phoenix x2  
  81  7:21  Anion Pulse-Crystals  
  81  7:28  Phoenix x2  
  85  7:37  Gateway x2  
  85  7:39  Forge  
  85  7:40  Twilight Council  
  85  7:51  Assimilator  
  85  7:53  Phoenix  
  85  7:56  Assimilator  
  85  7:58  Pylon  
  87  8:00  Phoenix  
  89  8:13  Probe  
  89  8:14  Photon Cannon  
  89  8:15  Probe x2  
  89  8:18  Phoenix  
  94  8:29  Phoenix  
  96  8:43  Phoenix  
  96  8:56  Phoenix  
  96  9:01  Phoenix  
  98  9:04  Probe x2  
  98  9:08  Photon Cannon  
  98  9:09  Photon Cannon  
  102  9:10  Photon Cannon  
  102  9:12  Pylon  
Show
View Real Time Build Order
Export as new Build Order

NeonWolfIO Zerg 

Build Orders: Pool First, Swarm Host 

Get SALT Encoding   

  12  0:03  Drone  
  13  0:10  Drone  
  14  0:18  Overlord  
  14  0:26  Overlord  
  14  0:47  Spawning Pool  
  14  0:48  Drone  
  14  0:50  Drone  
  14  0:54  Drone  
  16  1:00  Drone  
  17  1:26  Hatchery  
  16  1:37  Zergling x6  
  19  1:47  Queen  
  19  1:48  Zergling x2  
  22  2:16  Zergling x4  
  24  2:28  Zergling x2  
  25  2:37  Extractor  
  25  2:39  Zergling x2  
  25  2:40  Extractor  
  20  3:14  Zergling x6  
  21  3:30  Drone  
  22  3:36  Spine Crawler  
  22  3:38  Spine Crawler  
  21  3:41  Drone  
  21  3:46  Hatchery  
  21  3:47  Drone x2  
  21  3:48  Drone  
  23  3:53  Queen  
  23  3:54  Drone x3  
  28  4:02  Drone  
  29  4:03  Lair  
  29  4:16  Overlord  
  29  4:30  Drone x2  
  29  4:31  Drone x2  
  32  4:38  Metabolic Boost  
  32  5:01  Drone x3  
  32  5:04  Queen  
  38  5:07  Drone x3  
  36  5:21  Roach Warren  
  36  5:22  Drone x2  
  37  5:29  Drone x2  
  37  5:34  Drone x3  
  42  5:46  Drone x4  
  46  5:50  Drone x3  
  49  6:03  Infestation Pit  
  48  6:06  Hydralisk Den  
  47  6:12  Roach  
  47  6:14  Overlord x3  
  49  6:22  Spore Crawler  
  48  6:26  Spore Crawler  
  47  6:33  Spore Crawler  
  47  6:34  Drone x4  
  50  6:48  Swarm Host  
  50  6:49  Swarm Host x3  
  50  6:51  Zergling x6  
  50  6:53  Zergling x2  
  66  6:54  Overlord  
  66  6:55  Overlord x2  
  64  7:13  Zergling x6  
  66  7:31  Drone  
  66  7:32  Drone x2  
  66  7:35  Overlord x3  
  66  7:36  Overlord  
  69  8:06  Hatchery  
  69  8:10  Hydralisk x3  
  69  8:11  Hydralisk  
  69  8:12  Hydralisk  
  78  8:17  Hydralisk  
  80  8:48  Hatchery  
  79  9:00  Hydralisk x2  
  79  9:01  Hydralisk x3  
Show
View Real Time Build Order
Export as new Build Order

NogarDos Terran 

Build Orders: Reaper Expand 

Get SALT Encoding   

  12  0:00  SCV  
  13  0:13  SCV  
  14  0:17  Supply Depot  
  14  0:25  SCV  
  15  0:39  SCV  
  15  0:41  Barracks  
  16  0:46  Refinery  
  16  0:52  SCV  
  17  1:09  SCV  
  18  1:15  Refinery  
  18  1:30  Orbital Command  
  18  1:34  Reaper  
  19  1:50  Command Center  
  19  2:02  Factory  
  19  2:06  SCV  
  20  2:14  Barracks Reactor  
  20  2:18  SCV  
  21  2:30  SCV  
  21  2:34  Supply Depot  
  22  2:42  SCV  
  23  2:48  Factory Tech Lab  
  23  2:50  Factory  
  23  2:55  SCV  
  24  3:05  Marine x2  
  24  3:07  Siege Tank  
  29  3:16  SCV  
  30  3:23  Marine x2, Orbital Command  
  32  3:42  Siege Tank  
  32  3:43  Marine x2  
  36  3:57  Factory Reactor  
  36  4:00  Marine x2  
  38  4:18  Marine x2  
  38  4:21  Infernal Pre-Igniter  
  40  4:33  SCV x2  
  40  4:35  Hellion x2  
  46  4:41  Supply Depot  
  46  4:43  Supply Depot  
  46  5:03  Marine x2, Hellion x2, SCV x2  
  54  5:11  Supply Depot  
  54  5:15  SCV  
  54  5:16  Supply Depot  
  54  5:17  Siege Tank  
  58  5:24  Hellion x2  
  61  5:42  Marine x2  
  63  5:46  Hellion x2  
  63  5:49  Siege Tank  
  70  5:59  SCV x2  
  70  6:03  Refinery x2  
  72  6:07  Hellion x2  
  75  6:11  SCV  
  75  6:17  SCV  
  76  6:22  Supply Depot  
  76  6:23  Supply Depot, SCV  
  77  6:29  SCV  
  78  6:35  SCV  
  78  6:36  Armory  
  76  6:40  Siege Tank  
  76  6:43  SCV  
  75  6:54  Hellion x2  
  75  6:55  Marine x2  
  75  6:59  SCV  
  80  7:10  SCV  
  80  7:11  SCV  
  80  7:12  Siege Tank  
  80  7:13  Marine x2  
  89  7:15  Hellion  
  85  7:33  Armory  
  85  7:35  Engineering Bay  
  85  7:36  Smart Servos  
  85  7:40  SCV x2  
  87  7:47  Refinery  
  87  7:52  SCV x2  
  87  7:55  Marine x2  
  87  7:57  Siege Tank  
  94  8:03  Hi-Sec Auto Tracking  
  94  8:19  Command Center  
  94  8:25  SCV x2  
  94  8:27  Hellion  
  94  8:29  Hellion  
  91  8:37  SCV  
  83  8:54  Siege Tank  
  83  8:55  Hellion x2  
Tags
 
Add a new tag
Caveats
  • Supply blocks, unpowered buildings, or Contaminate may cause inaccurate times.
  • Supply counts are checked every 10 seconds.